 Dungeon Crawl Stone Soup version 0.26-a0-639-g72c4674329 (webtiles) character file.

Game seed: 7524537310654469380

667 Borgoz the Skirmisher (level 7, -2/44 HPs)
             Began as a Gargoyle Berserker on Sept 19, 2020.
             Was an Elder of Trog.
             Splashed by Pikel's acid (12 damage)
             ... on level 5 of the Dungeon.
             The game lasted 00:06:02 (4475 turns).

Borgoz the Skirmisher (Gargoyle Berserker)          Turns: 4475, Time: 00:06:03

Health: -2/44      AC: 14    Str: 20    XL:     7   Next: 57%
Magic:  7/7        EV: 12    Int:  8    God:    Trog [****..]
Gold:   234        SH:  0    Dex: 11    Spells: 6/6 levels left

rFire    . . .     SeeInvis .   f - +0 flail
rCold    . . .     Faith    .   (no shield)
rNeg     + . .     Spirit   .   t - +0 ring mail
rPois    ∞         Reflect  .   q - +2 helmet
rElec    +         Harm     .   (no cloak)
rCorr    .         Rampage  .   (no gloves)
MR       .....                  (no boots)
Stlth    +.........             (no amulet)
HPRegen  0.14/turn              (no ring)
MPRegen  0.10/turn              (no ring)

@: no status effects
A: negative energy resistance 1, electricity resistance, unbreathing,
petrification resistance, rot immunity, AC +4
a: Berserk, Trog's Hand, Brothers in Arms, Renounce Religion


You were on level 5 of the Dungeon.
You worshipped Trog.
Trog was greatly pleased with you.
You visited 1 branch of the dungeon, and saw 5 of its levels.

You collected 234 gold pieces.

Inventory:

Hand Weapons
 f - a +0 flail (weapon)
Armour
 q - a +2 helmet (worn)
 t - a +0 ring mail (worn)
Wands
 a - a wand of disintegration (13)
Scrolls
 b - a scroll of remove curse {unknown}
 h - 4 scrolls of teleportation {unknown}
 i - a scroll of immolation {unknown}
 p - a scroll of random uselessness {unknown}
 r - 2 scrolls of identify {unknown}
Potions
 c - a potion of brilliance {unknown}
 d - a potion of stabbing
 e - a potion of flight
 j - 2 potions of might {unknown}
 k - a potion of degeneration {unknown}
 l - a potion of cancellation {unknown}
 m - a potion of haste
 n - a potion of heal wounds {unknown}
 o - 2 potions of curing {unknown}
 s - 2 potions of mutation {unknown}


   Skills:
 + Level 5.4 Fighting
 + Level 4.9 Maces & Flails
 + Level 4.9 Armour
 + Level 3.6 Dodging


You had 6 spell levels left.
You didn't know any spells.
Your spell library was empty.

Dungeon Overview and Level Annotations

Branches:
Dungeon (5/15)
 Temple: D:4-7

Altars:
Fedhas
Makhleb
Okawaru
Xom
Yredelemnul

Annotations:
D:5 Pikel


Innate Abilities, Weirdness & Mutations

You are resistant to torment.
Your stone body is resilient. (AC +4)
You are immune to poison.
You resist negative energy. (rN+)
You are resistant to electric shocks. (rElec)
You can survive without breathing.
You are immune to petrification.
You are immune to rotting.


Message History

Pikel is nearby!
Pikel is nearby!
Pikel is nearby! 3 lemures come into view.
The lemure shouts! x2
A leopard gecko comes into view.
The lemure moves out of view.
Found a stone staircase leading up.
You closely miss Pikel.
Pikel hits you with a +1 whip of electrocution!
A lemure comes into view.
Pikel hits you but does no damage.
You barely miss Pikel.
The lemure shouts!
A bullfrog skeleton comes into view.
Pikel zaps a wand.
The bolt of acid hits you!!
Ouch! That really hurt!
* * * LOW HITPOINT WARNING * * *
You are splashed with acid!
You die... <. .Z...# .. ..... #.# .... #.. 555

... 5. #.##l
#..K# #@### #.#.#
#.#.# #.#.###
#.....#########
###.#......>...
.###..###........
.......<.........
#(##.####........


You could see Pikel, 4 lemures, a leopard gecko and a bullfrog skeleton.

Vanquished Creatures
  Sigmund (D:2)
  Menkaure (D:4)
  A scorpion (D:4)
  A bullfrog zombie (D:4)
  2 hounds
  2 orc wizards (D:3)
  An iguana (D:4)
  8 adders
  2 worms (D:2)
  4 leopard geckos
  8 orcs
  4 giant cockroaches
  6 goblins
  12 hobgoblins
  3 jackals (D:4)
  3 quokkas (D:3)
  10 bats
  6 frilled lizards
  17 kobolds
  16 rats
108 creatures vanquished.

Notes
Turn   | Place    | Note
-------+----------+-------------------------------------------
     0 | D:1      | Borgoz the Gargoyle Berserker began the quest for the Orb.
     0 | D:1      | Reached XP level 1. HP: 14/14 MP: 1/1
   154 | D:1      | Reached XP level 2. HP: 19/19 MP: 2/2
   413 | D:1      | Reached ** piety under Trog
   616 | D:1      | Reached XP level 3. HP: 19/23 MP: 3/3
  1921 | D:2      | Reached XP level 4. HP: 29/29 MP: 4/4
  1984 | D:2      | Noticed Sigmund
  1997 | D:2      | Killed Sigmund
  1997 | D:2      | Reached skill level 4 in Fighting
  1997 | D:2      | Reached XP level 5. HP: 34/34 MP: 5/5
  2198 | D:2      | Reached XP level 6. HP: 39/39 MP: 6/6
  2382 | D:3      | Reached *** piety under Trog
  3264 | D:3      | Reached **** piety under Trog
  3547 | D:4      | Found a blossoming altar of Fedhas.
  3547 | D:4      | Found a burning altar of Makhleb.
  3547 | D:4      | Found a basalt altar of Yredelemnul.
  3562 | D:4      | Reached skill level 5 in Fighting
  3562 | D:4      | Reached XP level 7. HP: 39/44 MP: 7/7
  3787 | D:4      | Found a shimmering altar of Xom.
  3988 | D:4      | Found an iron altar of Okawaru.
  4017 | D:4      | Noticed Menkaure
  4022 | D:4      | Killed Menkaure
  4462 | D:5      | Entered Level 5 of the Dungeon
  4470 | D:5      | Noticed Pikel
  4475 | D:5      | Splashed by Pikel's acid

Illustrated notes

Levels and vault maps discovered:
D:1:      psy_arrival_dodecagon, layout_loops_corners, serial_bayou_pond_b,
          minmay_small_reverse_x
D:2:      minmay_spotlight, layout_basic, feat_on_display, uniq_sigmund
D:3:      layout_loops_ring, minmay_pentomino_pile
D:4:      layout_loops_corners, gammafunk_temple_overflow_forgotten,
          kennysheep_little_box, xom_teletrap_fun, uniq_menkaure
D:5:      layout_rooms, lemuel_crystal_altar,
          minmay_temple_entry_statues_fountains, uniq_pikel

Skill      XL: |  1  2  3  4  5  6 |
---------------+-------------------+-----
Dodging        | 2 3 |  3.6
Armour         | 3 4 |  4.9
Fighting       | 4 5 |  5.4
Maces & Flails | 4 |  4.9

Action                   |  1- 3 |  4- 6 |  7- 9 || total
-------------------------+-------+-------+-------++-------
Melee: Mace              |   126 |   190 |       ||   316
       Flail             |       |     7 |    62 ||    69
Invok: Berserk           |     2 |     2 |       ||     4
       Trog's Hand       |       |       |     1 ||     1
  Use: Potion            |       |     4 |       ||     4
 Stab: Sleeping          |       |     1 |       ||     1
Armor: Animal skin       |    57 |    97 |       ||   154
       Ring mail         |       |     2 |    30 ||    32
       Skin              |       |     1 |       ||     1
Dodge: Dodged            |   103 |   141 |    35 ||   279

Table legend: (Time is in decaauts)
 A = Elapsed time spent in this place.
 B = Non-inter-level travel time spent in this place.
 C = Inter-level travel time spent in this place.
 D = Time resting spent in this place.
 E = Time spent auto-exploring this place.
 F = Levels seen in this place.
 G = Mean time per level.
                   A        B        C        D        E       F      G
               +--------+--------+--------+--------+--------+-----+--------+
         Total |   4561 |   4473 |     88 |    972 |   2725 |   5 |  912.2 |
       Dungeon |   4561 |   4473 |     88 |    972 |   2725 |   5 |  912.2 |
               +--------+--------+--------+--------+--------+-----+--------+

Top non-repeatable levels by time:
     D:1: 1249 daAuts
     D:2: 1180 daAuts
     D:3: 1081 daAuts
     D:4: 1037 daAuts
     D:5: 12 daAuts
